 Dungeon Crawl Stone Soup version 0.23.0-33-g5e6c059fef (webtiles) character file.

Game seed: 16476882628176272352

5301 Jukra the Cleaver (level 10, -1/90 HPs)
             Began as a Minotaur Berserker on Feb 26, 2019.
             Was an Elder of Trog.
             Slain by an orc warrior
             ... wielding a +0 scimitar
              (15 damage)
             ... on level 9 of the Dungeon.
             The game lasted 00:38:00 (7208 turns).

Jukra the Cleaver (Minotaur Berserker)              Turns: 7208, Time: 00:38:00

Health: -1/90      AC: 21    Str: 25    XL:     10   Next: 37%
Magic:  12/12      EV: 11    Int: 13    God:    Trog [****..]
Gold:   387        SH:  0    Dex: 13    Spells: 9/9 levels left

rFire    . . .     SeeInvis .   y - +0 great sword (holy)
rCold    + . .     Gourm    .   (shield currently unavailable)
rNeg     . . .     Faith    .   F - +3 chain mail of Hosaurch {Int+9 Slay+3}
rPois    .         Spirit   .   B - +2 hat
rElec    .         Reflect  .   r - +1 cloak
rCorr    .         Harm     .   l - +0 pair of gloves
MR       ++...                  x - +0 pair of boots
Stlth    ..........             m - amulet of magic regeneration
HPRegen  1.25/turn              v - ring of protection from cold
MPRegen  0.38/turn              J - +3 ring of dexterity

@: about to teleport, berserk cooldown, regenerating
A: retaliatory headbutt, horns 2
a: Berserk, Trog's Hand, Brothers in Arms, Renounce Religion


You were on level 9 of the Dungeon.
You worshipped Trog.
Trog was greatly pleased with you.
You were not hungry.

You visited 2 branches of the dungeon, and saw 12 of its levels.

You collected 634 gold pieces.
You spent 247 gold pieces at shops.

Inventory:

Hand Weapons
 y - a +0 great sword of holy wrath (weapon)
 H - a +4 hunting sling
Armour
 l - a +0 pair of gloves (worn)
 r - a +1 cloak (worn)
 x - a +0 pair of boots (worn)
 B - a +2 hat (worn)
 F - the +3 chain mail of Hosaurch (worn) {Int+9 Slay+3}
   (You bought it in a shop on level 4 of the Dungeon)

   It affects your intelligence (+9).
   It affects your accuracy and damage with ranged weapons and melee attacks
   (+3).
Jewellery
 m - an amulet of magic regeneration (around neck)
 v - a ring of protection from cold (left hand)
 w - an uncursed ring of magical power
 J - a +3 ring of dexterity (right hand)
Wands
 t - a wand of acid (9)
 A - a wand of paralysis (5)
 D - a wand of enslavement (29)
Scrolls
 d - 7 scrolls of identify
 e - a scroll of fog
 i - 3 scrolls of remove curse
 q - a scroll of fear
 K - a scroll of blinking {unknown}
Potions
 b - 3 potions of lignification {unknown}
 f - 4 potions of haste {unknown}
 g - 2 potions of curing {unknown}
 h - 2 potions of agility {unknown}
 j - 4 potions of heal wounds {unknown}
 n - 2 potions of berserk rage {unknown}
 o - a potion of degeneration {unknown}
 p - a potion of brilliance {unknown}
 u - a potion of cancellation {unknown}
 z - a potion of invisibility {unknown}
 C - a potion of might {unknown}
 G - a potion of mutation {unknown}
 I - 3 potions of flight {unknown}
Miscellaneous
 L - a sack of spiders
Comestibles
 c - 28 rations


   Skills:
 * Level 8.6 Fighting
 * Level 7.7 Long Blades
   Level 9.9 Axes
 + Level 8.3 Armour
 * Level 5.9 Dodging
 - Level 0.1 Spellcasting
 * Level 4.4 Evocations


You had 9 spell levels left.
You didn't know any spells.
Your spell library contained the following spells:

 Spells                   Type           Power        Failure   Level  Hunger
 Animate Skeleton         Necr           N/A          86%         1    ##.....
 Beastly Appendage        Tmut           #.....       86%         1    ##.....
 Pain                     Necr           #...         86%         1    ##.....
 Sticks to Snakes         Tmut           #.......     94%         2    ###....
 Regeneration             Chrm/Necr      #.........   99%         3    ####...
 Spider Form              Tmut/Pois      #.........   99%         3    ####...
 Vampiric Draining        Necr           #.........   99%         3    ####...
 Animate Dead             Necr           N/A          100%        4    #####..
 Ice Form                 Ice/Tmut       #.......     100%        4    #####..
 Blade Hands              Tmut           #.........   100%        5    ######.


Dungeon Overview and Level Annotations

Branches:
Dungeon (11/15)            Temple (1/1) D:4             Orc (0/2) D:9
   Lair: D:8-11

Altars:
Ashenzari
Cheibriados
Dithmenos
Elyvilon
Fedhas
Hepliaklqana
Kikubaaqudgha
Makhleb
Nemelex Xobeh
Okawaru
Ru
Trog
Uskayaw
Wu Jian
Xom
Yredelemnul

Shops:
D:4 [!(?   D:8 [   D:9 :


Innate Abilities, Weirdness & Mutations

You reflexively headbutt those who attack you in melee.
You have a pair of horns on your head.


Message History

You completely miss the orc warrior. You headbutt the orc warrior.
The orc warrior is heavily wounded.
You barely miss the orc warrior.
The orc warrior is heavily wounded.
The orc barely misses you.
The orc warrior hits you but does no damage.
The orc barely misses you.
The orc warrior hits you but does no damage.
You closely miss the orc warrior.
The orc warrior is heavily wounded.
The orc hits you but does no damage.
The orc warrior hits you with a +0 scimitar.
* * * LOW HITPOINT WARNING * * *
The orc hits you from afar with a +0 trident.
* * * LOW HITPOINT WARNING * * *
As you read the scroll of teleportation, it crumbles to dust.
You feel strangely unstable.
You feel yourself speed up.
The orc warrior hits you with a +0 scimitar!
You die...

.######.#.# #...#.....+ #.#.#
#######.#.....# #.#.#
#8...8#.'.....# #. #.#..
#.o...#.#.....# #. #.#
#KKKK.#.#.....### #. #.#
#ooooo#.#........
#.######.#####8))o8###...#####
#.)..........###K###.....#....
#............@ooo........#....
##...###############.....#....
#...# #.....#.... #...#
#.....'†... #...# +.....#....
#...# #.....#.... #...#
#.....#.... #...# #.....#####
#..)###############..........


You could see an orc warrior, a big kobold and 2 orcs.

Vanquished Creatures
  The ghost of guttsta the Conjurer, a novice OpCj (D:6)
  A troll (D:9)
  3 wyverns
  6 yaks (D:9)
  A hungry ghost (D:7)
  A water moccasin (D:9)
  2 ice beasts
  3 phantoms
  8 ogres
  3 orc warriors
  2 centaurs
  A big kobold (D:9)
  5 bullfrogs
  A gnoll sergeant (D:7)
  A water moccasin zombie (D:9)
  A wyvern skeleton (D:6)
  2 howler monkeys
  A crimson imp (D:5)
  2 jellies
  4 quasits (D:6)
  2 hounds
  2 bullfrog skeletons (D:8)
  2 orc priests (D:8)
  5 orc wizards
  Terence (D:2)
  7 worker ants
  A hound skeleton (D:9)
  A howler monkey skeleton (D:6)
  3 worker ant zombies
  4 gnolls
  11 adders
  An ooze (D:3)
  2 adder zombies
  2 adder skeletons
  2 worms (D:4)
  A dart slug (D:3)
  A leopard gecko (D:4)
  25 orcs
  5 ball pythons (D:3)
  5 bats
  8 giant cockroaches
  9 goblins
  3 hobgoblins (D:1)
  2 jackals (D:3)
  A kobold (D:2)
  4 quokkas
  4 frilled lizards
  13 rats
176 creatures vanquished.

Vanquished Creatures (collateral kills)
  A gnoll (D:9)
1 creature vanquished.

Vanquished Creatures (others)
  A centaur (D:6)
  An adder (D:6)
2 creatures vanquished.

Grand Total: 179 creatures vanquished

Notes
Turn   | Place    | Note
-------+----------+-------------------------------------------
     0 | D:1      | Jukra the Minotaur Berserker began the quest for the Orb.
     0 | D:1      | Reached XP level 1. HP: 19/19 MP: 0/0
   163 | D:1      | Reached XP level 2. HP: 21/27 MP: 1/1
   166 | D:1      | You fall through a shaft!
   296 | D:2      | Reached skill level 4 in Axes
   360 | D:2      | Noticed Terence
   370 | D:2      | Killed Terence
   370 | D:2      | Reached XP level 3. HP: 16/33 MP: 2/2
   840 | D:2      | Found a blossoming altar of Fedhas.
   840 | D:2      | Found an iron altar of Okawaru.
  1086 | D:1      | Reached ** piety under Trog
  1510 | D:3      | Reached XP level 4. HP: 41/41 MP: 3/3
  1626 | D:3      | Found a shimmering altar of Xom.
  1739 | D:3      | Reached skill level 5 in Axes
  1794 | D:3      | Reached XP level 5. HP: 36/47 MP: 4/4
  1982 | D:3      | Reached *** piety under Trog
  2234 | D:4      | Noticed an ogre
  2241 | D:4      | Killed an ogre
  2241 | D:4      | Reached skill level 5 in Fighting
  2241 | D:4      | Reached skill level 6 in Axes
  2241 | D:4      | Reached XP level 6. HP: 40/56 MP: 5/5
  2247 | D:4      | Found a staircase to the Ecumenical Temple.
  2257 | Temple   | Entered the Ecumenical Temple
  2425 | D:4      | Found Potouc's Antique Armour Shop.
  2549 | D:4      | Found Unuary's Distillery.
  2663 | D:4      | Found Sophuchi's Magic Scroll Shop.
  2910 | D:4      | Found Xusuc's Antique Weapon Boutique.
  3082 | D:4      | Found a shattered altar of Ashenzari.
  3251 | D:5      | Entered Level 5 of the Dungeon
  3275 | D:5      | Reached skill level 5 in Armour
  3359 | D:5      | Reached XP level 7. HP: 31/61 MP: 6/6
  3907 | D:4      | Bought an encrusted chain mail for 247 gold pieces
  3917 | D:4      | Identified the +3 chain mail of Hosaurch {Int+9 Slay+3}
                  | (You bought it in a shop on level 4 of the Dungeon)
  3981 | D:6      | Reached skill level 7 in Axes
  4015 | D:6      | Found a sparkling altar of Nemelex Xobeh.
  4020 | D:6      | Got a shimmering ring mail
  4021 | D:6      | Identified the cursed +0 ring mail "Solet" {rC+ Str+2} (You
                  | found it on level 6 of the Dungeon)
  4072 | D:6      | Found a hide-covered altar of Uskayaw.
  4095 | D:6      | Found a transporter.
  4122 | D:6      | Reached skill level 1 in Evocations
  4158 | D:6      | Reached XP level 8. HP: 48/70 MP: 8/8
  4205 | D:6      | Reached skill level 8 in Axes
  4279 | D:6      | Found a transporter.
  4329 | D:6      | Noticed guttsta's ghost (novice OpCj)
  4342 | D:6      | Killed guttsta's ghost
  4342 | D:6      | Reached skill level 9 in Axes
  5036 | D:7      | Found a burning altar of Makhleb.
  5075 | D:7      | Reached XP level 9. HP: 75/78 MP: 10/10
  5126 | D:7      | Reached **** piety under Trog
  5304 | D:8      | Found Fumuw's Antique Armour Boutique.
  5350 | D:8      | Found a snail-covered altar of Cheibriados.
  5378 | D:8      | Reached skill level 1 in Long Blades
  5706 | D:8      | Reached skill level 5 in Dodging
  6066 | D:8      | You fall through a shaft for 3 floors!
  6078 | D:10     | Entered Level 10 of the Dungeon
  6636 | D:9      | Found Rinub's Book Emporium.
  6641 | D:9      | Reached skill level 5 in Long Blades
  6653 | D:9      | Reached XP level 10. HP: 40/88 MP: 10/12
  7176 | D:9      | Found a staircase to the Orcish Mines.
  7208 | D:9      | Slain by an orc warrior

Skill      XL: |  1  2  3  4  5  6  7  8  9 10 |
---------------+-------------------------------+-----
Axes           | 4 5 6 7 9 |  9.9
Fighting       | 4 5 6 8 |  8.6
Armour         | 3 4 5 6 7 8 |  8.3
Dodging        | 3 4 5 |  5.9
Evocations     | 1 3 4 |  4.4
Long Blades    | 6 7 |  7.7
Spellcasting   | |  0.1

Action                   |  1- 3 |  4- 6 |  7- 9 | 10-12 || total
-------------------------+-------+-------+-------+-------++-------
Melee: Hand axe          |    69 |   125 |   150 |       ||   344
       Headbutt          |     9 |    23 |    59 |    12 ||   103
       Great sword       |       |       |    69 |    43 ||   112
Invok: Berserk           |     1 |     1 |     2 |     1 ||     5
       Trog's Hand       |       |     1 |     1 |     2 ||     4
       Brothers in Arms  |       |       |       |     1 ||     1
  Use: Scroll            |       |       |    11 |     1 ||    12
 Stab: Distracted        |       |       |       |     1 ||     1
  Eat: Chunk             |     2 |     3 |    11 |       ||    16
       Ration            |       |     1 |     1 |     2 ||     4
Armor: Animal skin       |     1 |       |       |       ||     1
       Ring mail         |    17 |    42 |    16 |       ||    75
       Chain mail        |       |       |   168 |    45 ||   213
Dodge: Dodged            |    29 |    69 |   133 |    50 ||   281
       Rpst.: Great sword |       |       |    16 |     6 ||    22
